 Dungeon Crawl Stone Soup version 0.32-a0-560-g4c7f4391e0 (webtiles) character file.

Game seed: 865966592585703988

107 lunkers the Cutter (level 4, 0/33 HPs)
             Began as a Coglin Brigand on Feb 29, 2024.
             Slain by a crocodile (3 damage)
             ... in a sewer.
             The game lasted 00:02:01 (1395 turns).

lunkers the Cutter (Coglin Brigand)                 Turns: 1395, Time: 00:02:01

Health: 0/33       AC:  3    Str: 13    XL:     4   Next: 85%
Magic:  4/4        EV: 11    Int: 10    God:
Gold:   89         SH:  0    Dex: 16    Spells: 3/3 levels left

rFire   . . .        a - +2 dagger {Feng}
rCold   . . .        f - +0 rapier {Hachiro}
rNeg    . . .        b - +0 robe
rPois   .            (no helmet)
rElec   .            c - +0 cloak
rCorr   .            (no gloves)
SInv    .            (no boots)
Will    .....        (amulet unavailable)
Stlth   ++           (ring unavailable)
HPRegen 0.25/turn    (ring unavailable)
MPRegen 0.09/turn    (no gizmo)

%: no passive effects
@: revved
A: off-hand wielding, slow wielding, warmup strikes, no jewelry
a: Invent Gizmo


You were in a sewer.
You visited 1 branch of the dungeon, and saw 3 of its levels.
You also visited: Sewer.

You collected 89 gold pieces.

Inventory:

Hand Weapons
 a - a +2 dagger (weapon) {Feng}
 f - a +0 rapier (offhand) {Hachiro}
Missiles
 d - 11 poisoned darts
 e - 3 curare-tipped darts
Armour
 b - a +0 robe (worn)
 c - a +0 cloak (worn)
Scrolls
 g - a scroll of noise {unknown}
 h - 2 scrolls of identify {unknown}
 i - a scroll of blinking {unknown}
 j - a scroll of vulnerability {unknown}
 l - a scroll of poison {unknown}
Potions
 k - a potion of ambrosia {unknown}
 m - a potion of heal wounds {unknown}
 n - a potion of magic {unknown}


   Skills:
 - Level 2.0 Fighting
 + Level 4.4 Short Blades
 - Level 1.7 Throwing
 - Level 0.8 Dodging
 - Level 3.2 Stealth


You had 3 spell levels left.
You didn't know any spells.
Your spell library contained the following spells:

 Spells                   Type           Power      Damage    Failure   Level
 Manifold Assault         Tloc           0%         N/A       98%         4
 Dispersal                Tloc           0%         N/A       100%        6
 Disjunction              Tloc           0%         N/A       100%        8


Dungeon Overview and Level Annotations

Branches:
Dungeon (3/15)              Sewer (1/1)

Altars:
Sif Muna

Shops:
D:2 !*=!


Innate Abilities, Weirdness & Mutations

You can wield a second weapon in your off-hand.
It takes a long time for you to wield or remove held weapons.
Your first few attacks do less damage.
You cannot equip rings or amulets.


Message History

You barely miss the crocodile with your +2 dagger.
The crocodile bites you. The crocodile drags you backwards!
Found a fizzy yellow potion.
You hit the crocodile with your +2 dagger.
The crocodile is moderately wounded.
You hit the crocodile with your +0 rapier.
The crocodile bites you!
* * * LOW HITPOINT WARNING * * *
You closely miss the crocodile with your +0 rapier.
The crocodile is moderately wounded.
You hit the crocodile with your +2 dagger.
The crocodile bites you.
* * * LOW HITPOINT WARNING * * *
You completely miss the crocodile with your +2 dagger.
The crocodile is moderately wounded.
You hit the crocodile but do no damage.
Unknown command.
You closely miss the crocodile with your +2 dagger.
The crocodile is moderately wounded.
You hit the crocodile with your +0 rapier.
The crocodile bites you!
* * * LOW HITPOINT WARNING * * *
You barely miss the crocodile with your +0 rapier.
The crocodile is heavily wounded.
You hit the crocodile with your +2 dagger.
The crocodile closely misses you.
Unknown command.
You hit the crocodile but do no damage.
The crocodile is heavily wounded.
You hit the crocodile with your +0 rapier.
The crocodile barely misses you.
Unknown command.
You hit the crocodile with your +0 rapier.
The crocodile is almost dead.
You barely miss the crocodile with your +2 dagger.
The crocodile barely misses you.
You hit the crocodile with your +2 dagger.
The crocodile is almost dead.
You hit the crocodile but do no damage. The crocodile bites you.
You die...

#.. #..#
#.~ #~.#
#.~ ##..#
#... #~..#
#.~###~.##
#..~#...#
#.~~~.##
#.~~..#
##.~@##
#.~l#
#$.#.#.
#)$#. !!
## ## ###


You could see a crocodile.

Vanquished Creatures
  2 river rats (D:3)
  3 adders
  A dart slug (D:2)
  6 bats
  4 endoplasms
  5 giant cockroaches
  4 goblins
  5 hobgoblins
  3 jackals (Sewer)
  9 kobolds
  A quokka (D:2)
  6 ball pythons
  2 frilled lizards (D:1)
  6 rats
57 creatures vanquished.

Notes
Turn   | Place    | Note
-------+----------+-------------------------------------------
     0 | D:1      | lunkers the Coglin Brigand began the quest for the Orb.
     0 | D:1      | Reached XP level 1. HP: 16/16 MP: 1/1
    33 | D:1      | Reached skill level 2 in Short Blades
   116 | D:1      | Reached XP level 2. HP: 22/22 MP: 2/2
   316 | D:1      | Reached skill level 3 in Short Blades
   399 | D:1      | Reached XP level 3. HP: 25/27 MP: 3/3
   591 | D:2      | Found Lavut's Assorted Antiques.
   677 | D:2      | Found Geng's Distillery.
   721 | D:2      | Found Soolitoh's Jewellery Emporium.
   932 | D:2      | Found Enkimoiloxt's Distillery.
   959 | D:2      | Reached XP level 4. HP: 25/33 MP: 4/4
  1014 | D:2      | You fall into a shaft and drop 1 floor!
  1078 | D:3      | Found a shimmering blue altar of Sif Muna.
  1169 | D:3      | Reached skill level 4 in Short Blades
  1266 | D:3      | Found a glowing drain.
  1311 | Sewer    | Entered a sewer
  1381 | Sewer    | Noticed a crocodile
  1395 | Sewer    | Slain by a crocodile

Illustrated notes

Levels and vault maps discovered:
D:1:      beargit_arrival_greenhouse, layout_rooms, lexackson_kobold_supper
D:2:      layout_loops_ring, serial_shops, shop, shop, shop,
          nicolae_shop_statue_plus
D:3:      layout_basic, vehumet_crystals, led_sif_pool,
          mainiacjoe_overflow_24_doors, portal_sewer_entry_b, kennysheep_boxes
Sewer:    sewer_the_crocodile

Skill      XL: |  1  2  3  4 |
---------------+-------------+-----
Short Blades   | 2 3 4 |  4.4
Fighting       | |  2.0
Throwing       | |  1.7
Dodging        | |  0.8
Stealth        | |  3.2

Action                     |  1- 3 |  4- 6 || total
---------------------------+-------+-------++-------
  Melee: Dagger            |    64 |    48 ||   112
         Rapier            |    52 |    53 ||   105
    Use: Potion            |       |     1 ||     1
   Stab: Sleeping          |     7 |       ||     7
         Distracted        |     1 |       ||     1
 Armour: Robe              |    37 |    31 ||    68
  Dodge: Dodged            |    27 |    54 ||    81

Table legend: (Time is in decaauts)
 A = Elapsed time spent in this place.
 B = Non-inter-level travel time spent in this place.
 C = Inter-level travel time spent in this place.
 D = Time resting spent in this place.
 E = Time spent auto-exploring this place.
 F = Levels seen in this place.
 G = Mean time per level.
                   A        B        C        D        E       F      G
               +--------+--------+--------+--------+--------+-----+--------+
         Total |   1391 |   1358 |     33 |     17 |    987 |   4 |  347.8 |
       Dungeon |   1306 |   1273 |     33 |     17 |    932 |   3 |  435.3 |
         Sewer |     85 |     85 |      0 |      0 |     55 |   1 |   85.0 |
               +--------+--------+--------+--------+--------+-----+--------+

Top non-repeatable levels by time:
     D:1: 584 daAuts
     D:2: 425 daAuts
     D:3: 296 daAuts
   Sewer: 85 daAuts
